 Dungeon Crawl Stone Soup version 0.27-a0-1278-g6cbc8dfb29 (webtiles) character file.

Game seed: 13374454515496009481

2015 dickylongcocking the Fighter (level 9, -5/83 HPs)
             Began as a Djinni Fire Elementalist on June 13, 2021.
             Was an Initiate of Makhleb.
             Slain by a wyvern (17 damage)
             ... on level 7 of the Dungeon.
             The game lasted 00:07:00 (9211 turns).

dickylongcocking the Fighter (DjFE)                 Turns: 9211, Time: 00:07:01

Health: -5/83      AC:  6    Str: 11    XL:     9   Next: 46%
Gold:   244        EV: 12    Int: 19    God:    Makhleb [......] SH:  0 Dex: 17

rFire    + + +     SeeInvis .   f - +3 dagger (flame)
rCold    x . .     Faith    .   (no shield)
rNeg     . . .     Spirit   .   a - +0 robe
rPois    ∞         Reflect  .   (no helmet)
rElec    .         Harm     .   (no cloak)
rCorr    .         Rampage  .   (no gloves)
Will     .....                  (boots unavailable)
Stlth    ++........             (no amulet)
HPRegen  0.23/turn              x - ring of Ariqety {rF+ Str+4}
MPRegen  0.00/turn              g - +4 ring of protection

@: flying, very slightly contaminated
A: sickness immunity, fire resistance 2, cold vulnerability 1, float, innate
caster, hp casting, extra vitality 1, agile 1, robust 1
a: Renounce Religion


You were on level 7 of the Dungeon.
You worshipped Makhleb.
Makhleb was noncommittal.
You visited 2 branches of the dungeon, and saw 8 of its levels.

You collected 244 gold pieces.

Inventory:

Hand Weapons
 f - a +3 dagger of flaming (weapon)
 q - a +1 whip of flaming
Missiles
 s - a throwing net
Armour
 a - a +0 robe (worn)
Jewellery
 b - a ring of flight
 e - a ring of wizardry
 g - a +4 ring of protection (right hand)
 r - a ring of willpower
 v - a ring of positive energy
 x - the ring of Ariqety (left hand) {rF+ Str+4}
   (You found it on level 6 of the Dungeon)

   [ring of protection from fire]

   It affects your strength (+4).
   It protects you from fire.
Wands
 l - a wand of flame (20)
 p - a wand of paralysis (2)
 w - a wand of iceblast (9)
Scrolls
 d - a scroll of noise {unknown}
 h - 2 scrolls of teleportation {unknown}
 j - a scroll of vulnerability {unknown}
 m - a scroll of enchant armour {unknown}
 n - a scroll of fog
 y - a scroll of blinking {unknown}
 A - 2 scrolls of fear {unknown}
Potions
 c - 2 potions of might {unknown}
 i - 3 potions of curing
 k - a potion of invisibility {unknown}
 o - a potion of brilliance {unknown}
 t - a potion of heal wounds {unknown}
 u - a potion of lignification {unknown}
 z - a potion of haste


   Skills:
 * Level 11.4 Fighting
 - Level 2.2 Dodging
 - Level 1.5 Stealth
 - Level 2.8 Spellcasting


You couldn't memorise any spells.
You knew the following spells:

 Your Spells              Type           Power      Damage    Failure   Level
a - Foxfire               Conj/Fire      52%        2x1d6     4%          1
b - Conjure Flame         Conj/Fire      13%        6-21      14%         3
c - Inner Flame           Hex/Fire       13%        N/A       14%         3
d - Sticky Flame          Conj/Fire      13%        2d4       43%         4
e - Fireball              Conj/Fire      6%         3d5       80%         5
f - Freeze                Ice            52%        1d7       4%          1
g - Poisonous Vapours     Pois/Air       26%        N/A       8%          2
h - Slow                  Hex            13%        N/A       8%          2
i - Animate Dead          Necr           6%         N/A       43%         4
Your spell library was empty.

Dungeon Overview and Level Annotations

Branches:
Dungeon (7/15)             Temple (1/1) D:6

Altars:
Cheibriados
Dithmenos
Elyvilon
Fedhas
Gozag
Hepliaklqana
Makhleb
Qazlal
Ru
Sif Muna
Trog
Vehumet


Innate Abilities, Weirdness & Mutations

You are immune to sickness and miasma.
You are immune to poison.
Your flesh is very heat resistant. (rF++)
You are vulnerable to cold. (rC-)
You float through the air rather than walking.
You learn spells naturally, not from books.
Your magical power is your life essence.
You have superior vitality. (+4 HP)
You are agile. (Dex +2)
You are robust. (+10% HP)


Message History

The wyvern closely misses you. The wyvern barely misses you.
You barely miss the wyvern.
The wyvern is heavily wounded.
The wyvern bites you.
Casting: Sticky Flame (dangerous; 43% risk of failure)
Confirm with . or Enter, or press ? or * to list all spells.
Aiming: Sticky Flame (dangerous; 43% risk of failure)
Press: ? - help, Shift-Dir - straight line, f/p - wyvern
Aim: a wyvern (heavily wounded, 100% to hit)
You miscast Sticky Flame.
You are very lightly contaminated with residual magic.
You feel a strange surge of energy. The wyvern bites you!
The wyvern barely misses you.
Casting: Sticky Flame (dangerous; 43% risk of failure)
Confirm with . or Enter, or press ? or * to list all spells.
You conjure some foxfire!
The wyvern bites you. The wyvern bites you!
* * * LOW HITPOINT WARNING * * *
Unknown command.
Unknown command.
Casting: Foxfire (safe; 4% risk of failure)
Confirm with . or Enter, or press ? or * to list all spells.
Aiming: Sticky Flame (dangerous; 43% risk of failure)
Press: ? - help, Shift-Dir - straight line, f/p - wyvern
Aim: a wyvern (heavily wounded, ally target, 100% to hit)
You miscast Sticky Flame.
Strange energies run through your body!
* * * LOW HITPOINT WARNING * * *
x2 The foxfire hits the wyvern.
The wyvern is severely wounded.
The foxfire hits the wyvern but does no damage.
The wyvern is severely wounded.
The wyvern bites you.
* * * LOW HITPOINT WARNING * * *
Unknown command.
Okay, then.
Okay, then.
Okay, then.
It was a potion of curing.
You feel better. The wyvern bites you.
* * * LOW HITPOINT WARNING * * *
The wyvern bites you!
You die...

###########.
#.......#...
#.........
#.......#
#.......#
#...l...#
#....@..#
#....§..#
#......!##########
#######...<......<
############


You could see a wyvern.

Vanquished Creatures
  Pikel (D:4)
  2 water moccasins (D:6)
  An ice beast (D:6)
  An orc warrior (D:6)
  A sky beast (D:4)
  2 black bears
  2 ogres
  2 lemures (D:3)
  A scorpion (D:5)
  A water moccasin zombie (D:5)
  A wyvern skeleton (D:5)
  2 howler monkeys
  A centaur zombie (D:5)
  4 hounds
  An orc priest (D:3)
  A centaur skeleton (D:6)
  Natasha (twice) (D:4)
  2 orc wizards
  2 hound skeletons (D:4)
  4 gnolls (D:5)
  7 adders
  2 shadow imps (D:6)
  2 worms
  A dart slug (D:1)
  10 orcs
  7 endoplasms
  3 giant cockroaches
  6 hobgoblins
  3 jackals (D:3)
  4 quokkas
  8 ball pythons
  5 bats
  A frilled lizard (D:3)
  5 goblins
  4 kobolds
  5 rats
107 creatures vanquished.

Vanquished Creatures (others)
  240 foxfires
  2 fungi (D:5)
  2 plants (D:5)
244 creatures vanquished.

Grand Total: 351 creatures vanquished

Notes
Turn   | Place    | Note
-------+----------+-------------------------------------------
     0 | D:1      | dickylongcocking the Djinni Fire Elementalist began the
                  | quest for the Orb.
     0 | D:1      | Reached XP level 1. HP: 15/15 MP: 0/0
   684 | D:1      | Reached XP level 2. HP: 19/21 MP: 0/0
   686 | D:1      | Found a faded altar of an unknown god.
   750 | D:1      | Became a worshipper of Elyvilon the Healer
   750 | D:1      | Reached * piety under Elyvilon
  1722 | D:2      | Reached skill level 1 in Fighting
  2064 | D:2      | Reached ** piety under Elyvilon
  2073 | D:2      | Reached XP level 3. HP: 18/28 MP: 0/0
  2073 | D:2      | Learned a level 1 spell: Freeze
  2076 | D:2      | Reached skill level 2 in Fighting
  2255 | D:2      | Reached XP level 4. HP: 19/34 MP: 0/0
  2574 | D:2      | Reached skill level 3 in Fighting
  3744 | D:3      | Reached XP level 5. HP: 37/40 MP: 0/0
  3744 | D:3      | Learned a level 2 spell: Poisonous Vapours
  3923 | D:3      | Reached skill level 4 in Fighting
  3933 | D:3      | Gained mutation: You are robust. (+10% HP) [potion of
                  | mutation]
  3933 | D:3      | Gained mutation: You are agile. (Dex +2) [potion of
                  | mutation]
  4205 | D:3      | Reached *** piety under Elyvilon
  4762 | D:4      | Reached XP level 6. HP: 43/53 MP: 0/0
  4928 | D:4      | Noticed a black bear
  4941 | D:4      | Killed a black bear
  4942 | D:4      | Reached skill level 5 in Fighting
  5216 | D:4      | Noticed Pikel
  5231 | D:4      | Paralysed by Pikel for 4 turns
  5818 | D:4      | Paralysed by Pikel for 2 turns
  5820 | D:4      | Killed Pikel
  5821 | D:4      | Reached skill level 7 in Fighting
  5821 | D:4      | Reached XP level 7. HP: 44/63 MP: 0/0
  5821 | D:4      | Learned a level 2 spell: Slow
  5943 | D:4      | Reached XP level 8. HP: 57/71 MP: 0/0
  6035 | D:4      | Reached skill level 8 in Fighting
  6038 | D:4      | Reached **** piety under Elyvilon
  6387 | D:4      | Noticed Natasha
  6389 | D:4      | Killed Natasha
  6512 | D:4      | Noticed Natasha
  6519 | D:4      | Killed Natasha
  6638 | D:4      | Found a bloodstained altar of Trog.
  6784 | D:4      | Found a sacrificial altar of Ru.
  6868 | D:5      | Entered Level 5 of the Dungeon
  6914 | D:5      | Reached skill level 9 in Fighting
  7505 | D:5      | Reached skill level 10 in Fighting
  7641 | D:5      | Found a stormy altar of Qazlal.
  7645 | D:5      | Found a blossoming altar of Fedhas.
  7733 | D:5      | Reached XP level 9. HP: 52/81 MP: 0/0
  7733 | D:5      | Learned a level 4 spell: Animate Dead
  8231 | D:6      | Found a staircase to the Ecumenical Temple.
  8242 | D:6      | Identified the ring of Ariqety {rF+ Str+4}
  8253 | Temple   | Entered the Ecumenical Temple
  8264 | Temple   | Fell from the grace of Elyvilon
  8264 | Temple   | Became a worshipper of Makhleb the Destroyer
  8602 | D:6      | Reached skill level 11 in Fighting
  9211 | D:7      | Slain by a wyvern

Illustrated notes

Levels and vault maps discovered:
D:1:      tarquinn_simple_flora_water_e, layout_basic,
          ebering_ecumenical_altar_sacrificial
D:2:      layout_basic, minmay_fractal_squares_5
D:3:      layout_basic, nicolae_overflow_crystal_walls
D:4:      layout_basic, nicolae_ru_path_of_blood, general_overflow_altar,
          uniq_pikel, uniq_natasha
D:5:      layout_basic, grunt_temple_overflow_forces_of_nature,
          cheibrodos_sewer_entry_bend
D:6:      layout_layer_cave, minmay_temple_entry_junction
D:7:      layout_rooms, serial_shops, kennysheep_little_box
Temple:   nicolae_temple_elliptical

Skill      XL: |  1  2  3  4  5  6  7  8  9 |
---------------+----------------------------+-----
Fighting       | 1 2 3 4 7 10 11 | 11.4
Dodging        | |  2.2
Stealth        | |  1.5
Spellcasting   | |  2.8

Action                   |  1- 3 |  4- 6 |  7- 9 || total
-------------------------+-------+-------+-------++-------
Melee: Unarmed           |    15 |    11 |     1 ||    27
       Dagger            |       |    23 |    10 ||    33
       Whip              |       |       |    17 ||    17
 Cast: Foxfire           |    61 |    94 |     9 ||   164
       Inner Flame       |     1 |    10 |    12 ||    23
       Poisonous Vapours |       |     1 |    23 ||    24
       Sticky Flame      |       |     6 |    23 ||    29
       Conjure Flame     |       |     2 |       ||     2
       Slow              |       |       |     2 ||     2
Invok: Lesser Healing    |       |     1 |       ||     1
  Use: Potion            |       |     2 |     1 ||     3
       Scroll            |       |       |     2 ||     2
 Stab: Sleeping          |     1 |       |       ||     1
Armor: Robe              |     8 |    14 |    27 ||    49
Dodge: Dodged            |    40 |    40 |    60 ||   140

Table legend: (Time is in decaauts)
 A = Elapsed time spent in this place.
 B = Non-inter-level travel time spent in this place.
 C = Inter-level travel time spent in this place.
 D = Time resting spent in this place.
 E = Time spent auto-exploring this place.
 F = Levels seen in this place.
 G = Mean time per level.
                   A        B        C        D        E       F      G
               +--------+--------+--------+--------+--------+-----+--------+
         Total |   9193 |   9013 |    180 |   1007 |   7107 |   8 | 1149.1 |
       Dungeon |   9172 |   9000 |    172 |   1007 |   7107 |   7 | 1310.3 |
        Temple |     20 |     12 |      8 |      0 |      0 |   1 |   20.0 |
               +--------+--------+--------+--------+--------+-----+--------+

Top non-repeatable levels by time:
     D:3: 1773 daAuts
     D:4: 1701 daAuts
     D:1: 1691 daAuts
     D:2: 1684 daAuts
     D:5: 1341 daAuts
     D:6: 963 daAuts
  Temple: 20 daAuts
     D:7: 16 daAuts
